 Dungeon Crawl Stone Soup version 0.17-a0-2069-g0f4ee5b (webtiles) character file.

169770 maniek23 the Unseen (level 17, -3/99 HPs)
             Began as a Vampire Enchanter on Oct 11, 2015.
             Was the Champion of Ru.
             Killed from afar by Roxanne (71 damage)
             ... with a crystal spear
             ... on level 4 of the Snake Pit on Oct 13, 2015.
             The game lasted 03:23:05 (39307 turns).

maniek23 the Unseen (Vampire Enchanter)            Turns: 39307, Time: 03:23:05

Health: -3/99      AC: 22    Str: 14    XL:     17   Next: 36%
Magic:  31/31      EV: 25    Int: 15    God:    Ru [******]
Gold:   1409       SH:  0    Dex: 20    Spells: 9 memorised, 15 levels left

rFire  x . .     SeeInvis +     Q - +6 rapier "Xycroec" {vamp, rC++ rN+ Str+3 Int-2}
rCold  + + +     Clarity  .     C - +5 ring mail of Haefri Rieck {rElec MR+ Int-2 Dex+4}
rNeg   + + +     SustAt   .     (no shield)
rPois  +         Gourm    .     O - +2 hat
rElec  +         Spirit   .     s - +2 cloak
rCorr  .         Warding  .     b - +2 pair of gloves
rMut   .         Stasis   .     H - +0 pair of boots
MR     +....                    (no amulet)
Stlth  ++++++++..               U - +3 ring of evasion
                                v - +2 ring of strength

@: regenerating slowly, drained, somewhat resistant to hostile enchantments,
extraordinarily stealthy
A: fangs 3, rugged brown scales 1, see invisible, clumsy 1, frail 1,
unbreathing, magic vulnerability 1, unskilled 1, temperature sensitive
a: Bat Form, Draw Out Power, Power Leap, Apocalypse, Renounce Religion


You were on level 4 of the Snake Pit.
You worshipped Ru.
Ru was exalted by your worship.
You were near bloodless.

You visited 6 branches of the dungeon, and saw 33 of its levels.
You also visited: Volcano.

You collected 3263 gold pieces.
You spent 1854 gold pieces at shops.

Inventory:

Hand Weapons
 A - a +1 dagger of distortion
 Q - the +6 rapier "Xycroec" (weapon) {vamp, rC++ rN+ Str+3 Int-2}
   (You bought it in a shop on level 4 of the Orcish Mines)

   It inflicts no extra harm, but heals its wielder somewhat when it strikes a
   living foe.
   It affects your strength (+3).
   It affects your intelligence (-2).
   It greatly protects you from cold.
   It protects you from negative energy.
Armour
 b - a +2 pair of gloves (worn)
 s - a +2 cloak (worn)
 B - a +0 cloak of poison resistance
 C - the +5 ring mail of Haefri Rieck (worn) {rElec MR+ Int-2 Dex+4}
   (You found it on level 4 of the Dungeon)

   It affects your intelligence (-2).
   It affects your dexterity (+4).
   It insulates you from electricity.
   It affects your resistance to hostile enchantments.
 D - a +2 chain mail of fire resistance
 H - a +0 pair of boots (worn)
 O - a +2 hat (worn)
Jewellery
 c - an uncursed ring of protection from fire
 n - an uncursed ring of magical power
 t - an uncursed ring of protection from cold
 v - a +2 ring of strength (left hand)
 F - an uncursed amulet of stasis
 U - a +3 ring of evasion (right hand)
Wands
 o - a wand of disintegration (7)
 r - a wand of teleportation (5)
 I - a wand of polymorph (13)
 P - a wand of confusion (19)
 Z - a wand of frost (15)
Scrolls
 a - 7 scrolls of amnesia
 e - 3 scrolls of fog
 f - 17 scrolls of remove curse
 g - 7 scrolls of teleportation
 i - 3 scrolls of blinking
 m - 4 scrolls of enchant armour {unknown}
 p - 3 scrolls of recharging
 x - 5 scrolls of fear
 y - a scroll of magic mapping
 W - a scroll of enchant weapon
 X - 3 scrolls of random uselessness {unknown}
Potions
 d - 16 potions of blood
 h - 2 potions of heal wounds
 j - 6 potions of flight
 k - 5 potions of brilliance
 l - 3 potions of haste
 q - 4 potions of might
 u - a potion of cancellation {unknown}
 w - 4 potions of invisibility
 E - 5 potions of agility
 J - 14 potions of curing
 K - 3 potions of resistance
 L - a potion of beneficial mutation
 M - 3 potions of magic
 R - 5 potions of berserk rage
 V - a potion of experience {unknown}
Books
 G - a book of Battle

   Spells                             Type                      Level
   a - Infusion                       Charms                       1
   b - Shroud of Golubria             Charms/Translocation         2
   c - Song of Slaying                Charms                       2
   d - Spectral Weapon                Hexes/Charms                 3
   e - Regeneration                   Charms/Necromancy            3
 N - a book of Conjurations

   Spells                             Type                      Level
   a - Magic Dart                     Conjuration                  1
   b - Searing Ray                    Conjuration                  2
   c - Dazzling Spray                 Conjuration/Hexes            3
   d - Fulminant Prism                Conjuration/Hexes            4
   e - Iskenderun's Mystic Blast      Conjuration                  4
   f - Iskenderun's Battlesphere      Conjuration/Charms           5
 T - a book of Minor Magic

   Spells                             Type                      Level
   a - Magic Dart                     Conjuration                  1
   b - Blink                          Translocation                2
   c - Call Imp                       Summoning                    2
   d - Repel Missiles                 Charms/Air                   2
   e - Slow                           Hexes                        2
   f - Conjure Flame                  Conjuration/Fire             3
   g - Mephitic Cloud                 Conjuration/Poison/Air       3
 Y - a book of the Warp

   Spells                             Type                      Level
   a - Recall                         Summoning/Translocation      3
   b - Gell's Gravitas                Hexes/Translocation          3
   c - Force Lance                    Conjuration/Translocation    4
   d - Phase Shift                    Translocation                5
   e - Warp Weapon                    Charms/Translocation         5
   f - Summon Forest                  Summoning/Translocation      5
Miscellaneous
 z - 2 phantom mirrors
 S - a phial of floods


   Skills:
 + Level 2.4(2.1) Fighting
 - Level 14.1(13.7) Short Blades
 - Level 6.4(6.1) Armour
 * Level 14.7(14.3) Dodging
 + Level 16.6(16.1) Stealth
 + Level 10.4(9.9) Spellcasting
 - Level 4.3(3.9) Conjurations
 - Level 14.9(14.5) Hexes
 * Level 3.9(3.6) Charms
 - Level 1.8(1.5) Ice Magic
 + Level 1.2(0.9) Air Magic
 - Level 6.1(5.7) Evocations


You had 15 spell levels left.
You knew the following spells:

 Your Spells              Type           Power        Failure   Level  Hunger
a - Corona                Hex            ######.      1%          1    None
b - Ensorcelled Hibernat  Hex/Ice        ####..       1%          2    None
c - Confuse               Hex            ######..     1%          3    #......
d - Tukima's Dance        Hex            ######..     1%          3    #......
e - Dazzling Spray        Conj/Hex       #####...     1%          3    #......
f - Slow                  Hex            ######..     1%          2    None
g - Spectral Weapon       Hex/Chrm       ####....     1%          3    #......
h - Searing Ray           Conj           ###...       8%          2    None
i - Repel Missiles        Chrm/Air       ##....       12%         2    None


Dungeon Overview and Level Annotations

Branches:
Dungeon (15/15)            Temple (1/1) D:7            Lair (8/8) D:8
 Shoals (0/4) Lair:5        Snake (4/4) Lair:6        Slime (0/6) Lair:7
    Orc (4/4) D:11            Elf (0/3) Orc:3        Vaults (0/5) D:13
 Depths (1/5) D:15

Altars:
Ashenzari
Cheibriados
Dithmenos
Elyvilon
Fedhas
Gozag
Kikubaaqudgha
Makhleb
Nemelex Xobeh
Okawaru
Qazlal
Ru
Sif Muna
Trog
Vehumet
Xom
Yredelemnul
Zin
The Shining One
Beogh
Lugonu

Shops:
D:4 %   D:6 [?%(:   D:11 [   D:12 *   D:14 *   Orc:3 (   Orc:4 !*[!

Portals:
Abyss: Depths:1

Annotations:
Snake:4 exclusion: Roxanne, Roxanne


Innate Abilities, Weirdness & Mutations

You heal slowly.
You have razor-sharp teeth.
You have supernaturally acute eyesight.
You are clumsy. (Dex -2)
You are frail (-10% HP).
You can survive without breathing.
You are slightly vulnerable to magic.
You are somewhat unskilled (-1 Apt).
You are sensitive to extremes of temperature (rF-, rC-).
You are partially covered in rugged brown scales (AC +1, +3% HP).


Message History

You hit Roxanne but do no damage. You bite Roxanne, but do no damage.
Roxanne is severely damaged.
You puncture Roxanne!
Roxanne is severely damaged.
Roxanne casts a spell.
You blink.
You feel less exhausted.
You hit Roxanne.
Roxanne is almost destroyed.
You hit Roxanne.
Roxanne is almost destroyed.
Roxanne begins to cast a spell, but is stunned by your will!
You hit Roxanne but do no damage. You bite Roxanne, but do no damage.
Roxanne is almost destroyed.
You hit Roxanne.
Roxanne is almost destroyed.
Roxanne mumbles some strange words.
The crystal spear hits you!
Ouch! That really hurt!
You die...

... ##.... ..##.###...#.
..##...#)####
###########... #.........
#.........#.# #..##.####
#...........# ##..##.# #
#.........# .....#..# #
#..<......####..#.#.##
#.......@...........# ##
#........8.....#.#..# ##.
#.....$.....#.......# #..
########...##..#.#..###..
#)####.##......... #)#
##.##....##### #.#
#..##.....####
#.###.....##......
#..##..######..####


You could see Roxanne.

Vanquished Creatures
  the Enchantress (D:15)
  Rupert (Orc:3)
  Agnes (Snake:1)
  A greater naga (Snake:3)
  Aizul (Lair:6)
  3 spriggan defenders
  Nessos (Lair:8)
  The ghost of PeterLawrence the Bludgeoner, a journeyman GrFi of Okawaru (Orc:4)
  Azrael (D:13)
  4 vault guards (D:13)
  Josephine (D:13)
  A fire dragon (Lair:8)
  A catoblepas (Lair:8)
  The ghost of 4thArraOfDagon the Cleaver, a journeyman GrGl of Cheibriados (D:14)
  7 naga warriors
  6 hydras
  2 centaur warriors
  3 tengu warriors
  6 anacondas
  2 spriggan air magi (Depths:1)
  The ghost of 4thArraOfDagon the Martial Artist, a journeyman TeAr of Ashenzari (D:15)
  5 death yaks
  4 orc high priests (Orc:4)
  2 spriggan berserkers (Depths:1)
  10 naga sharpshooters
  A queen ant (Lair:6)
  A fire crab (shapeshifter) (D:13)
  11 shock serpents
  Sonja (D:10)
  4 large abominations (D:13)
  Nergalle (D:10)
  3 salamander mystics
  10 skeletal warriors
  A death drake (shapeshifter) (D:15)
  2 naga ritualists
  An unseen horror (D:13)
  4 hill giants
  A necromancer (D:15)
  A griffon (D:9)
  4 wolf spider zombies
  A deep elf conjurer (D:15)
  A wolf spider (Lair:8)
  12 mana vipers
  9 ugly things
  A manticore (D:11)
  3 wizards
  An orc sorcerer (Orc:4)
  2 cyclopes
  26 black mambas
  16 elephants
  Maurice (D:10)
  Joseph (D:8)
  2 guardian serpents
  10 salamanders
  12 naga magi
  17 spiny frogs
  Psyche (D:10)
  3 gargoyles
  2 efreet
  2 centaur skeletons
  10 komodo dragons
  5 fire drakes
  5 kobold demonologists
  3 trolls
  A jumping spider (shapeshifter) (D:14)
  4 two-headed ogres
  A polar bear (shapeshifter) (Depths:1)
  2 polar bears (D:9)
  A wolf spider simulacrum (D:15)
  A snapping turtle (Lair:5)
  A trapdoor spider (D:11)
  A trapdoor spider zombie (D:10)
  2 spriggans
  3 slime creatures (D:13)
  A centaur simulacrum (D:15)
  6 wraiths
  Sigmund (D:1)
  3 deep elf magi
  13 blink frogs
  2 hungry ghosts
  2 shadows
  48 yaks
  A deep elf fighter (D:8)
  10 wolves
  5 wyverns
  2 fire elementals (D:13)
  9 soldier ants
  12 hippogriffs
  2 basilisks
  A hog (D:9)
  2 steam dragons
  3 vampire mosquitoes (D:12)
  34 nagas
  2 insubstantial wisps (D:11)
  A mottled dragon (Lair:8)
  3 spiders (Lair:8)
  Duvessa (D:7)
  27 water moccasins
  2 hell hounds (D:13)
  3 swamp drakes
  A phantom (D:13)
  8 ice beasts
  7 porcupines
  7 sky beasts
  2 wasps (Lair:8)
  3 eyes of draining
  23 orc warriors
  11 black bears
  21 crocodiles
  32 centaurs
  6 small abominations (D:13)
  2 necrophages
  14 ogres
  7 big kobolds
  25 giant frogs
  Dowan (D:7)
  4 scorpions
  A wyvern skeleton (D:13)
  An electric eel (D:15)
  10 crimson imps
  6 hounds
  A wyvern simulacrum (D:15)
  A jelly (D:14)
  53 orc wizards
  2 quasits
  5 centaur zombies
  A giant frog zombie (D:10)
  Crazy Yiuf (D:7)
  4 giant frog skeletons
  An iron imp (Orc:4)
  9 iguanas
  50 orc priests
  38 worker ants
  11 sheep
  5 hound skeletons
  A hound zombie (D:9)
  2 worker ant zombies
  Robin (D:3)
  24 adders
  13 river rats
  6 shadow imps
  An ooze (D:2)
  2 adder zombies
  6 worms
  4 giant geckos
  245 orcs
  4 ball pythons
  10 bats
  2 giant cockroaches
  13 goblins
  8 hobgoblins
  3 quokkas
  A giant gecko zombie (D:5)
  6 giant newts
  13 jackals
  19 kobolds
  A quokka zombie (D:8)
  22 rats
  2 fungi
1255 creatures vanquished.

Vanquished Creatures (collateral kills)
  Urug (D:11)
  A naga sharpshooter (Snake:3)
  An orc knight (D:15)
  A naga (Lair:6)
  A water moccasin (Lair:8)
  3 orc warriors
  An orc wizard (D:10)
  4 orcs
13 creatures vanquished.

Vanquished Creatures (others)
  A centaur warrior (D:15)
  2 dancing weapons
  2 naga sharpshooters
  An ugly thing (D:14)
  A guardian serpent (Snake:2)
  A kobold demonologist (D:11)
  A large abomination (D:13)
  A wolf (Lair:4)
  A naga (Snake:3)
  A crocodile (Lair:8)
  A small abomination (D:13)
  An orc wizard (D:3)
  A worker ant (Lair:6)
  An iguana (Lair:8)
  A white imp (Orc:4)
  7 orcs
  2 kobolds (D:15)
  10 fungi
  12 plants
  3 spectral weapons
51 creatures vanquished.

Grand Total: 1319 creatures vanquished

Notes
Turn   | Place    | Note
--------------------------------------------------------------
     0 | D:1      | maniek23 the Vampire Enchanter began the quest for the Orb.
     0 | D:1      | Reached XP level 1. HP: 13/13 MP: 3/3
   397 | D:1      | Reached XP level 2. HP: 19/19 MP: 5/5
   635 | D:2      | Reached skill level 5 in Hexes
   667 | D:2      | Noticed Sigmund
   670 | D:2      | Reached skill level 5 in Stealth
   708 | D:3      | Learned a level 2 spell: Ensorcelled Hibernation
   821 | D:3      | Reached XP level 3. HP: 24/24 MP: 6/6
   992 | D:3      | Found a sparkling altar of Nemelex Xobeh.
  1009 | D:3      | Noticed a giant frog
  1014 | D:3      | Killed a giant frog
  1014 | D:3      | Reached XP level 4. HP: 18/30 MP: 7/7
  1177 | D:2      | Found a shadowy altar of Dithmenos.
  1464 | D:1      | Killed Sigmund
  1464 | D:1      | Reached skill level 6 in Stealth
  1464 | D:1      | Reached XP level 5. HP: 5/35 MP: 9/9
  1464 | D:1      | Reached XP level 6. HP: 5/41 MP: 10/10
  1470 | D:1      | Learned a level 3 spell: Confuse
  1847 | D:3      | Found a basalt altar of Yredelemnul.
  2053 | D:3      | Noticed Robin
  2091 | D:3      | Killed Robin
  2459 | D:3      | Found a shimmering altar of Xom.
  3088 | D:3      | Found a shattered altar of Ashenzari.
  3128 | D:3      | Learned a level 3 spell: Tukima's Dance
  3539 | D:4      | Got a jacinth-encrusted ring mail
  3550 | D:4      | Identified the +5 ring mail of Haefri Rieck {rElec MR+ Int-2 Dex+4} (You found it on level 4 of the Dungeon)
  3675 | D:4      | Reached XP level 7. HP: 46/46 MP: 12/12
  3714 | D:4      | Found Isudduic's Food Shoppe.
  4211 | D:4      | Reached skill level 1 in Ice Magic
  4240 | D:5      | Entered Level 5 of the Dungeon
  4257 | D:5      | Reached skill level 7 in Stealth
  4260 | D:5      | Reached skill level 5 in Short Blades
  4434 | D:5      | Reached skill level 1 in Armour
  4486 | D:5      | Reached XP level 8. HP: 52/52 MP: 13/13
  4632 | D:5      | Found an iron altar of Okawaru.
  4687 | D:5      | Found a deep blue altar of Sif Muna.
  4799 | D:5      | Found a white marble altar of Elyvilon.
  5379 | D:6      | Reached skill level 8 in Stealth
  5394 | D:6      | Found Gudangiot's Magic Scroll Shop.
  5416 | D:6      | Bought a scroll of teleportation for 30 gold pieces
  5416 | D:6      | Bought a scroll of fear for 35 gold pieces
  5416 | D:6      | Bought a scroll of identify for 20 gold pieces
  5434 | D:6      | Found Suajed's Antique Armour Shoppe.
  5474 | D:6      | Found a glowing silver altar of Zin.
  5627 | D:6      | Found Ysiumnos's Book Emporium.
  5675 | D:6      | Found Meohecwoax's Food Shop.
  5731 | D:6      | Found Lurang's Antique Weapon Shoppe.
  5735 | D:6      | Bought a runed short sword for 78 gold pieces
  6017 | D:7      | Noticed Crazy Yiuf
  6023 | D:7      | Killed Crazy Yiuf
  6215 | D:7      | Reached skill level 5 in Dodging
  6287 | D:7      | Found a staircase to the Ecumenical Temple.
  6297 | Temple   | Entered the Ecumenical Temple
  6440 | Temple   | Became a worshipper of Ru the Awakened
  6554 | D:7      | Reached XP level 9. HP: 46/57 MP: 15/15
  6730 | D:7      | Noticed Duvessa
  6733 | D:7      | Noticed Dowan
  6736 | D:7      | Killed Duvessa
  6760 | D:7      | Killed Dowan
  6944 | D:7      | Reached skill level 9 in Stealth
  7094 | D:8      | Learned a level 3 spell: Dazzling Spray
  7163 | D:8      | Found a staircase to the Lair.
  7357 | D:8      | Gained mutation: You are slightly vulnerable to magic. [Ru sacrifice]
  7357 | D:8      | Reached piety under Ru
  7374 | D:8      | Found an opulent altar of Gozag.
  7752 | D:8      | Reached skill level 5 in Spellcasting
  7783 | D:8      | Noticed Joseph
  7812 | D:8      | Killed Joseph
  7812 | D:8      | Reached XP level 10. HP: 45/63 MP: 4/17
  8176 | D:8      | Reached skill level 10 in Stealth
  8449 | D:9      | Identified a +0 rod of destruction (11/11) (You found it on level 6 of the Dungeon)
  8614 | D:9      | Found a huge runed gate.
  8614 | D:9      | Noticed a death yak
  8615 | D:9      | Found a huge runed gate.
  8616 | D:9      | Noticed a griffon
  8617 | D:9      | Found a huge runed gate.
  8618 | D:9      | Found a huge runed gate.
  8849 | D:9      | Found a stormy altar of Qazlal.
  8961 | D:9      | Reached skill level 1 in Conjurations
  9284 | D:9      | Killed a death yak
  9284 | D:9      | Reached skill level 5 in Armour
  9308 | D:9      | Killed a griffon
  9349 | D:9      | Reached skill level 11 in Stealth
  9392 | D:9      | Reached skill level 10 in Hexes
  9392 | D:9      | Reached XP level 11. HP: 68/68 MP: 8/19
  9429 | D:10     | Entered Level 10 of the Dungeon
  9495 | D:10     | Gained mutation: You are clumsy. (Dex -2) [Ru sacrifice]
  9849 | D:10     | Reached skill level 10 in Short Blades
 10008 | D:10     | Noticed Nergalle
 10012 | D:10     | Killed Nergalle
 10152 | D:10     | Noticed Maurice
 10154 | D:10     | Killed Maurice
 10274 | D:10     | Noticed Psyche
 10281 | D:10     | Killed Psyche
 10299 | D:10     | Noticed Sonja
 10306 | D:10     | Killed Sonja
 10760 | D:11     | Found Ijageg's Armour Shoppe.
 10790 | D:11     | Noticed a hill giant
 11026 | Lair:1   | Entered Level 1 of the Lair of Beasts
 11073 | Lair:1   | Got a brightly glowing leather armour
 11084 | Lair:1   | Identified the +2 leather armour "Toxziummeu" {rPois Str+4} (You found it on level 1 of the Lair of Beasts)
 11547 | Lair:1   | Gained mutation: You are somewhat unskilled (-1 Apt). [Ru sacrifice]
 11547 | Lair:1   | Reduced skill Conjurations to level 1
 11547 | Lair:1   | Reduced skill Hexes to level 10
 11547 | Lair:1   | Reduced skill Ice Magic to level 1
 11547 | Lair:1   | Reached * piety under Ru
 11547 | Lair:1   | Reached ** piety under Ru
 12031 | Lair:2   | Reached skill level 10 in Short Blades
 12928 | Lair:3   | Reached XP level 12. HP: 74/74 MP: 21/21
 13136 | Lair:3   | Reached skill level 5 in Armour
 13201 | Lair:3   | Gained mutation: You are sensitive to extremes of temperature (rF-, rC-). [Ru sacrifice]
 13201 | Lair:3   | Reached *** piety under Ru
 13201 | Lair:3   | Reached **** piety under Ru
 13510 | Lair:3   | Reached skill level 12 in Stealth
 14016 | Lair:1   | You fall through a shaft!
 15298 | Lair:5   | Gained mutation: You are frail (-10% HP). [Ru sacrifice]
 15976 | Lair:5   | Noticed a four-headed hydra
 15987 | Lair:5   | Killed a four-headed hydra
 15987 | Lair:5   | Reached XP level 13. HP: 71/71 MP: 23/23
 16044 | Lair:5   | Found a staircase to the Shoals.
 16385 | Lair:6   | Found a staircase to the Snake Pit.
 16473 | Lair:6   | Gained mutation: You are partially covered in rugged brown scales (AC +1, +3% HP). [potion of beneficial mutation]
 17285 | Lair:7   | Reached skill level 10 in Dodging
 17525 | Lair:7   | Found a staircase to the Slime Pits.
 18068 | Lair:8   | Entered Level 8 of the Lair of Beasts
 18236 | Lair:7   | Reached skill level 13 in Stealth
 18483 | Lair:8   | Reached XP level 14. HP: 79/79 MP: 25/25
 19433 | Lair:8   | Noticed Nessos
 19440 | Lair:8   | Killed Nessos
 20678 | D:11     | Killed a hill giant
 20750 | D:11     | Noticed Urug
 20827 | D:11     | Found a roughly hewn altar of Beogh.
 20827 | D:11     | Found a staircase to the Orcish Mines.
 20827 | D:11     | Noticed a skeletal warrior
 20829 | D:11     | Noticed a skeletal warrior
 20888 | D:10     | Killed a skeletal warrior
 21066 | D:11     | Bought a +2 pair of gloves for 297 gold pieces
 21083 | D:11     | Noticed a skeletal warrior
 21084 | D:11     | Noticed a skeletal warrior
 21097 | D:11     | Noticed a skeletal warrior
 21273 | D:10     | Killed a skeletal warrior
 21372 | D:10     | Killed a skeletal warrior
 21406 | D:11     | Killed Urug
 21566 | D:11     | Found a corrupted altar of Lugonu.
 21681 | D:11     | Found a bloodstained altar of Trog.
 22075 | D:11     | Killed a skeletal warrior
 22124 | D:11     | Killed a skeletal warrior
 22182 | Orc:1    | Entered Level 1 of the Orcish Mines
 22226 | Orc:1    | Found a dark tunnel.
 22237 | Volcano  | Entered a volcano
 22521 | Volcano  | Found a radiant altar of Vehumet.
 22636 | Volcano  | Reached skill level 14 in Stealth
 22936 | Orc:2    | Found a bloodstained altar of Trog.
 23544 | Orc:3    | Noticed Rupert
 23573 | Orc:3    | Killed Rupert
 23721 | Orc:3    | Found a staircase to the Elven Halls.
 23808 | Orc:3    | Found Pegi's Weapon Shoppe.
 25220 | Orc:4    | Entered Level 4 of the Orcish Mines
 25239 | Orc:4    | Noticed PeterLawrence's ghost (journeyman GrFi)
 25373 | Orc:4    | Killed PeterLawrence's ghost
 25698 | Orc:4    | Learned a level 2 spell: Slow
 26047 | Orc:4    | Reached XP level 15. HP: 83/83 MP: 27/27
 26058 | Orc:4    | Found a roughly hewn altar of Beogh.
 26406 | Orc:4    | Found Qidd's General Store.
 26406 | Orc:4    | Found Ytzenot's Distillery.
 26407 | Orc:4    | Found Motiet's Armour Emporium.
 26412 | Orc:4    | Found Igab's Distillery.
 26756 | Orc:4    | Bought the +6 rapier "Xycroec" {vamp, rC++ rN+ Str+3 Int-2} for 1019 gold pieces
 26756 | Orc:4    | Bought a scroll of blinking for 105 gold pieces
 26770 | Orc:4    | Bought a potion of invisibility for 88 gold pieces
 28014 | D:12     | Found Ifipt's Assorted Antiques.
 28017 | D:12     | Bought a scroll of fear for 98 gold pieces
 28017 | D:12     | Bought a potion of curing for 84 gold pieces
 28458 | D:13     | Noticed Josephine
 28472 | D:13     | Killed Josephine
 28472 | D:13     | Reached skill level 1 in Evocations
 28567 | D:13     | Noticed Azrael
 29157 | D:13     | Found a gate to the Vaults.
 29876 | D:13     | Killed Azrael
 30113 | D:14     | Found Osiveon's Pet Rocks.
 30241 | D:13     | Reached skill level 15 in Stealth
 30464 | D:14     | Noticed 4thArraOfDagon's ghost (journeyman GrGl)
 30474 | D:14     | Killed 4thArraOfDagon's ghost
 31181 | D:15     | Entered Level 15 of the Dungeon
 31381 | D:15     | Found a staircase to the Depths.
 31647 | D:15     | Reached XP level 16. HP: 85/89 MP: 29/29
 31836 | D:15     | Noticed 4thArraOfDagon's ghost (journeyman TeAr)
 31867 | D:15     | Killed 4thArraOfDagon's ghost
 32406 | Depths:1 | Entered Level 1 of the Depths
 32406 | Depths:1 | Found a one-way gate to the infinite horrors of the Abyss.
 32406 | Depths:1 | Noticed the Enchantress
 32407 | Depths:1 | Reached skill level 5 in Evocations
 32487 | D:15     | Killed the Enchantress
 32491 | D:15     | Got a faerie dragon armour
 32502 | D:15     | Identified the +0 faerie dragon armour {rElec rC++ rCorr Str-2} (You took it off the Enchantress on level 15 of the Dungeon)
 32744 | D:15     | Upgraded the game from 0.17-a0-2055-gb4e23be to 0.17-a0-2069-g0f4ee5b
 33275 | Snake:1  | Entered Level 1 of the Snake Pit
 33320 | Snake:1  | Noticed Agnes
 33415 | Snake:1  | Noticed Aizul
 34045 | Lair:6   | Killed Aizul
 34099 | Snake:1  | Found a blossoming altar of Fedhas.
 34403 | Snake:1  | Killed Agnes
 34596 | Snake:1  | Found an opulent altar of Gozag.
 35602 | Snake:2  | Got a spiked helmet
 35613 | Snake:2  | Identified the cursed -4 helmet of Sif Muna's Envy {*Corrode Int+7} (You found it on level 2 of the Snake Pit)
 35655 | Snake:2  | Reached skill level 16 in Stealth
 35792 | Snake:2  | Reached skill level 10 in Spellcasting
 35799 | Snake:2  | Learned a level 3 spell: Spectral Weapon
 36224 | Snake:2  | Learned a level 2 spell: Searing Ray
 36312 | Snake:3  | Found a white marble altar of Elyvilon.
 36377 | Snake:3  | Reached skill level 1 in Fighting
 36547 | Snake:3  | Reached skill level 1 in Charms
 36613 | Snake:3  | Reached XP level 17. HP: 90/96 MP: 31/31
 37936 | Snake:2  | Learned a level 2 spell: Repel Missiles
 38374 | Snake:4  | Entered Level 4 of the Snake Pit
 38540 | Snake:4  | Noticed Roxanne
 38562 | Snake:4  | Reached skill level 1 in Air Magic
 39307 | Snake:4  | Killed from afar by Roxanne

Vault maps used:
D:1:      dpeg_arrival_stone_temple_mockup
D:2:      nicolae_dithmenos_through_a_glass_darkly, kennysheep_another_room,
          supply_closet_lemuel, moated_statue, uniq_sigmund
D:3:      lemuel_doored_altar, lemuel_round_altar, old_standard_altar,
          lemuel_coloured_pillars_altar, first_bread, uniq_robin
D:4:      serial_shops, shop
D:5:      led_sif_pool, overflow_temple_1_default, serial_co_window_serial,
          co_window_paths_b, co_window_paths_a, co_window_corner_a,
          co_window_of_opportunity_a, co_window_paths_b, co_window_cross_2,
          co_window_corner_b, co_window_cross_4, co_window_paths_d,
          glass_columns_a, glass_columns_b, glass_columns_a, glass_columns_a,
          okawaru_metal_pillars_1_2
D:6:      old_standard_altar, serial_shops, nicolae_shop_overgrown_old_shop,
          nicolae_shop_statue_plus, kennysheep_mini, shop_fountains, shop
D:7:      minmay_temple_entry_glassed_door, the_bakery, uniq_duvessa,
          uniq_crazy_yiuf_cottage
D:8:      lemuel_crystal_altar, grunt_lair_entry_elf_guard_hut, uniq_joseph
D:9:      lemuel_bear_cage, lemuel_round_altar
D:10:     uniq_maurice, uniq_sonja, uniq_nergalle, uniq_psyche
D:11:     kennysheep_kobold_lugonu_temple, david_orc_5, basic_altar,
          serial_shops, shop, hangedman_abyss_or_decor_passed,
          corexii_corridor_pit, hangedman_misty_isle, uniq_urug
D:12:     serial_shops, nicolae_shop_behind_doors
D:13:     lightli_vaults_fourway_checkpoint, minmay_statues_item, laboratory,
          uniq_josephine, uniq_azrael
D:14:     minmay_misc_feat_tiny, hangedman_decor_slide_cut, guppyfry_shop_earth
D:15:     grunt_enter_depths_magical_seal, minmay_crystal_water
Temple:   jpeg_temple_clearing_9
Lair:3:   serial_bayou_shore_b, grunt_megastairs_4
Lair:5:   minmay_shoals_entry_hut, grunt_forest_large_clearings,
          lemuel_fruit_fields
Lair:6:   minmay_snake_entry_guardpost_small, wad_woods_road_01,
          zaba_antful_of_joy
Lair:7:   slime_dummy, serial_bayou_pond_c
Lair:8:   hangedman_lair_tendril_chambers, guppyfry_lair_end_dragon,
          st_stairs_11, lemuel_fruit_fields, uniq_nessos
Snake:1:  hangedman_feature_mirror, uniq_agnes, uniq_aizul
Snake:2:  serial_bayou_shore_b
Snake:3:  basic_altar
Snake:4:  minmay_snake_end_coiled, spider_trap, uniq_asterion, uniq_roxanne
Orc:1:    minmay_goldmine, nicolae_volcano_entry_s_turn
Orc:2:    basic_altar
Orc:3:    serial_shops, shop, nicolae_orc_pool_cavern, uniq_rupert
Orc:4:    st_orc_mages, basic_altar, hangedman_minor_magic
Depths:1: grunt_deathspiral_small, abyss_entry, ashenzari_altar_1,
          pf_coc_iceberg, nicolae_rare_books, serial_bayou_shore_b,
          uniq_enchantress
Volcano:  volcano_lake

Action                   |  1- 3 |  4- 6 |  7- 9 | 10-12 | 13-15 | 16-18 || total
-------------------------+-------+-------+-------+-------+-------+-------++-------
Melee: Dagger            |    68 |   241 |   190 |   255 |       |       ||   754
       Short sword       |       |       |   340 |   466 |  2130 |       ||  2936
       Rapier            |       |       |       |       |   996 |  1179 ||  2175
 Cast: Ensorcelled Hiber |       |    10 |    25 |   109 |    78 |    20 ||   242
       Corona            |       |     1 |     4 |     3 |     9 |     1 ||    18
       Confuse           |       |    12 |    16 |    20 |    72 |    23 ||   143
       Tukima's Dance    |       |       |     1 |     3 |    13 |     3 ||    20
       Dazzling Spray    |       |       |       |    25 |    51 |    55 ||   131
       Slow              |       |       |       |       |       |     7 ||     7
       Searing Ray       |       |       |       |       |       |    18 ||    18
       Spectral Weapon   |       |       |       |       |       |     7 ||     7
       Repel Missiles    |       |       |       |       |       |     4 ||     4
Invok: Sacrifice Essence |       |       |     1 |       |       |       ||     1
       Sacrifice Purity  |       |       |       |     1 |       |       ||     1
       Sacrifice Skill   |       |       |       |     1 |       |       ||     1
       Draw Out Power    |       |       |       |     1 |     9 |     2 ||    12
       Power Leap        |       |       |       |     1 |    10 |     3 ||    14
       Sacrifice Health  |       |       |       |     1 |       |       ||     1
       Sacrifice Resista |       |       |       |     1 |       |       ||     1
       Apocalypse        |       |       |       |       |       |     2 ||     2
 Abil: End Transformatio |       |     1 |       |       |       |     1 ||     2
       Bat Form          |       |     1 |       |       |       |     1 ||     2
  Use: Scroll            |       |     1 |     5 |    11 |    11 |    10 ||    38
       Potion            |       |       |     5 |     2 |     6 |     5 ||    18
 Stab: Sleeping          |    13 |    13 |    36 |    90 |   122 |    31 ||   305
       Confused          |       |     5 |     8 |    10 |    30 |    16 ||    69
       Distracted        |       |       |     2 |     5 |    33 |    12 ||    52
       Invisible         |       |       |       |    13 |    32 |    36 ||    81
       Paralysed         |       |       |       |     2 |     7 |     2 ||    11
       Petrifying        |       |       |       |       |     1 |       ||     1
  Eat: Corpse            |     9 |     4 |    13 |    36 |    80 |     4 ||   146
